 Dungeon Crawl Stone Soup version 0.30-a0-702-gdf48620a09 (webtiles) character file.

Game seed: 14872556703429682255

1083 Absynth the Zephyrmancer (level 8, -6/41 HPs)
             Began as a Tengu Air Elementalist on Jan 21, 2023.
             Was a Follower of Vehumet.
             Killed by divine providence
             ... invoked by an orc priest
              (13 damage)
             ... on level 5 of the Dungeon.
             The game lasted 00:17:22 (4736 turns).

Absynth the Zephyrmancer (Tengu Air Elementalist)   Turns: 4736, Time: 00:17:23

Health: -6/41      AC:  3    Str: 10    XL:     8   Next: 30%
Magic:  16/16      EV: 14    Int: 17    God:    Vehumet [*.....]
Gold:   274        SH:  0    Dex: 14    Spells: 6/17 levels left

rFire   . . .      SeeInvis +    u - +3 dagger (drain)
rCold   . . .      Faith    .    (no shield)
rNeg    . . .      Spirit   .    a - +0 robe
rPois   .          Reflect  .    (helmet restricted)
rElec   .          Harm     .    (no cloak)
rCorr   .          Rampage  .    y - +0 pair of gloves
Will    .....                    (boots unavailable)
Stlth   ++                       g - amulet of magic regeneration
HPRegen 0.26/turn                n - ring of see invisible
MPRegen 0.55/turn                (no ring)

@: flying quickly and evasively, quick
A: beak, talons 3, nimble flight
a: Renounce Religion


You were on level 5 of the Dungeon.
You worshipped Vehumet.
Vehumet was aware of your devotion.
You visited 2 branches of the dungeon, and saw 6 of its levels.

You collected 274 gold pieces.

Inventory:

Hand Weapons
 m - a +2 dagger of draining
 u - a +3 dagger of draining (weapon)
Armour
 a - a +0 robe (worn)
 y - a +0 pair of gloves (worn)
 z - a +0 hat
Magical Staves
 o - a staff of poison
Jewellery
 g - an amulet of magic regeneration (around neck)
 n - a ring of see invisible (left hand)
 w - a ring of fire
Scrolls
 c - 5 scrolls of identify {unknown}
 d - 2 scrolls of enchant armour {unknown}
 e - a scroll of acquirement {unknown}
 h - a scroll of blinking {unknown}
 i - a scroll of silence {unknown}
 l - a scroll of noise {unknown}
 p - a scroll of teleportation {unknown}
 r - a scroll of poison {unknown}
 s - a scroll of enchant weapon {unknown}
Potions
 b - a potion of magic
 f - a potion of mutation {unknown}
 j - a potion of might {unknown}
 k - 2 potions of curing {unknown}
 q - a potion of cancellation {unknown}
 t - 2 potions of attraction {unknown}
 v - 2 potions of lignification {unknown}
 x - a potion of resistance {unknown}


   Skills:
 - Level 2.1 Dodging
 - Level 2.0 Stealth
 - Level 5.0 Spellcasting
 + Level 7.2 Conjurations
 + Level 2.0 Fire Magic
 + Level 8.1 Air Magic


You had 6 spell levels left.
You knew the following spells:

 Your Spells              Type           Power      Damage    Failure   Level
a - Airstrike             Air            16%        2d(3-19)  4%          4
f - Foxfire               Conj/Fire      80%        2x1d8     1%          1
o - Swiftness             Air            32%        N/A       1%          3
s - Static Discharge      Conj/Air       60%        2-5/arc   1%          2
z - Shock                 Conj/Air       100%       1d9       1%          1

Your spell library contained the following spells:

 Spells                   Type           Power      Damage    Failure   Level
 Stone Arrow              Conj/Erth      32%        3d9       10%         3
 Sandblast                Erth           8%         2d5       14%         1
 Summon Small Mammal      Summ           16%        N/A       14%         1
 Passwall                 Tmut/Erth      3%         N/A       22%         2
 Call Canine Familiar     Summ           4%         N/A       38%         3
 Summon Guardian Golem    Hex/Summ       4%         N/A       38%         3


Dungeon Overview and Level Annotations

Branches:
Dungeon (5/15)             Temple (1/1) D:4

Altars:
Ashenzari
Dithmenos
Elyvilon
Fedhas
Hepliaklqana
Makhleb
Nemelex Xobeh
Okawaru
Qazlal
Sif Muna
Uskayaw
Vehumet
Wu Jian
Xom
Zin
The Shining One

Shops:
D:1 *   D:3 =


Innate Abilities, Weirdness & Mutations

You have a beak for a mouth.
You have claws for feet.
Your magical nature lets you fly swiftly and evasively.


Message History

The zap hits the two-headed ogre.
The two-headed ogre is lightly wounded.
The zap misses the two-headed ogre.
Aiming: Shock (safe; 1% risk of failure)
Press: ? - help, Q - select action, (/) - cycle Shift-Dir - straight line, f/p - two-headed ogre
Aim: a two-headed ogre, wielding two +0 giant spiked clubs (lightly wounded, 88% to hit)
The zap hits the two-headed ogre.
The two-headed ogre is lightly wounded.
Things that are here:
a +0 flail; a +0 ring mail The orc hits you with a +0 club.
You hit the orc.
The orc is heavily wounded.
The orc hits you with a +0 club.
Casting: Shock (safe; 1% risk of failure)
Confirm with . or Enter, or press ? or * to list all spells.
The two-headed ogre is struck by an arc of lightning.
The two-headed ogre is lightly wounded.
You are struck by an arc of lightning.
The orc is struck by an arc of lightning.
The orc is almost dead.
The lightning grounds out.
The orc is struck by an arc of lightning.
You kill the orc!
Vehumet accepts your kill.
You are struck by an arc of lightning.
The lightning grounds out.
The two-headed ogre hits you with a +0 giant spiked club!
* * * LOW HITPOINT WARNING * * *
The two-headed ogre barely misses you.
Things that are here:
a +0 club; an orc corpse You see here a +0 giant spiked club.
The orc priest shouts!
The orc priest mumbles some strange prayers to Beogh against you.
Pain shoots through your body!
* * * LOW HITPOINT WARNING * * *
You see here a +0 scale mail.
The orc priest calls down the wrath of Beogh upon you.
Beogh smites you!
You die...

#.#.# ##... ##########.#.#
#....
.........#.#.########....
########.#o......).......
#..........###.... #..
#..O.......# #....
#.#####..........# #....
#.#.......#.###### #....
#.#.###@#.#.# #....
#.#.........# ###....
.######.#####<#)########......
..[............<..).).......##
#####.#####.#'########...##.
#................# ######.
#.###.#.##.......# ####### #.#
#.#..........#####...... #.#
#.#####..........#.#...#


You could see a two-headed ogre and an orc priest.

Vanquished Creatures
  A black bear (D:4)
  3 ogres
  A bullfrog (D:5)
  A necrophage (D:4)
  2 scorpions (D:5)
  5 orc priests (D:4)
  2 jellies
  A gnoll bouda (D:5)
  A hound (D:5)
  An iguana (D:5)
  An orc wizard (D:4)
  3 gnolls (D:5)
  6 adders
  3 worms
  2 dart slugs
  13 orcs
  5 ball pythons
  2 bats
  8 endoplasms
  5 giant cockroaches
  9 hobgoblins
  2 jackals (D:3)
  6 kobolds
  2 quokkas
  A frilled lizard (D:2)
  10 goblins
  7 rats
103 creatures vanquished.

Vanquished Creatures (others)
  5 foxfires (D:5)
  2 fungi (D:3)
  2 plants (D:3)
9 creatures vanquished.

Grand Total: 112 creatures vanquished

Notes
Turn   | Place    | Note
-------+----------+-------------------------------------------
     0 | D:1      | Absynth the Tengu Air Elementalist began the quest for the
                  | Orb.
     0 | D:1      | Reached XP level 1. HP: 10/10 MP: 4/4
    40 | D:1      | Found Wukakh's General Store.
   133 | D:1      | Reached XP level 2. HP: 15/15 MP: 3/6
   444 | D:1      | Learned a level 2 spell: Static Discharge
   895 | D:2      | Reached XP level 3. HP: 16/19 MP: 0/7
  1423 | D:2      | Reached XP level 4. HP: 21/24 MP: 6/9
  1441 | D:2      | Reached skill level 5 in Air Magic
  1863 | D:2      | Learned a level 3 spell: Swiftness
  1934 | D:3      | Found a blossoming altar of Fedhas.
  2134 | D:3      | Found a faded altar of an unknown god.
  2247 | D:3      | Found Veigg's Jewellery Shop.
  2544 | D:4      | Gained mutation: Your magical nature lets you fly swiftly
                  | and evasively. [Tengu growth]
  2544 | D:4      | Reached XP level 5. HP: 17/28 MP: 7/10
  2667 | D:4      | HP: 1/28 [orc priest/divine providence (14)]
  2790 | D:4      | Found a staircase to the Ecumenical Temple.
  2819 | Temple   | Entered the Ecumenical Temple
  2866 | Temple   | Became a worshipper of Vehumet
  2950 | D:4      | Reached XP level 6. HP: 32/32 MP: 8/12
  2977 | D:4      | Found a stormy altar of Qazlal.
  2988 | D:4      | Reached skill level 6 in Air Magic
  3029 | D:4      | Noticed a black bear
  3111 | D:4      | Learned a level 4 spell: Airstrike
  3124 | D:4      | Reached skill level 5 in Conjurations
  3320 | D:4      | Reached XP level 7. HP: 36/36 MP: 11/14
  3985 | D:5      | Entered Level 5 of the Dungeon
  4106 | D:4      | Reached skill level 7 in Air Magic
  4280 | D:5      | Reached * piety under Vehumet
  4280 | D:5      | Offered knowledge of Foxfire by Vehumet.
  4287 | D:5      | Learned a level 1 spell: Foxfire
  4320 | D:5      | Reached XP level 8. HP: 36/41 MP: 12/16
  4388 | D:5      | Reached skill level 5 in Spellcasting
  4400 | D:5      | Reached skill level 1 in Fire Magic
  4454 | D:5      | Reached skill level 8 in Air Magic
  4614 | D:5      | Noticed a two-headed ogre
  4736 | D:5      | Killed from afar by an orc priest

Illustrated notes

Levels and vault maps discovered:
D:1:      amcnicky_arrival_feature_with_door, layout_basic, serial_shops,
          nicolae_diamond_shop, kennysheep_another_room
D:2:      layout_basic, serial_park_tiny_2
D:3:      layout_basic, lemuel_tele_altar, serial_shops, nicolae_shop_crystal,
          shapermc_ecumenical_altar_rom_forum
D:4:      layout_basic, mainiacjoe_overflow_24_doors,
          minmay_temple_entry_proselytizer, dreamdust_wishing_well,
          minmay_misc_feat_five, grunt_ministairs_2, kennysheep_cross_room,
          reono_crystal_passage, serial_park_tiny_1
D:5:      layout_basic
Temple:   eino_temple_lava

Skill      XL: |  1  2  3  4  5  6  7  8 |
---------------+-------------------------+-----
Conjurations   | 2 3 4 5 6 7 |  7.2
Air Magic      | 5 6 7 8 |  8.1
Spellcasting   | 3 4 5 |  5.0
Fire Magic     | 2 |  2.0
Dodging        | |  2.1
Stealth        | |  2.0

Action                   |  1- 3 |  4- 6 |  7- 9 || total
-------------------------+-------+-------+-------++-------
Melee: Unarmed           |     1 |       |       ||     1
       Dagger            |       |       |     1 ||     1
 Cast: Shock             |    60 |   110 |    64 ||   234
       Static Discharge  |     6 |     4 |    15 ||    25
       Swiftness         |       |     2 |       ||     2
       Foxfire           |       |       |     3 ||     3
Armor: Robe              |       |       |     1 ||     1
Dodge: Dodged            |     9 |    13 |     7 ||    29

Table legend: (Time is in decaauts)
 A = Elapsed time spent in this place.
 B = Non-inter-level travel time spent in this place.
 C = Inter-level travel time spent in this place.
 D = Time resting spent in this place.
 E = Time spent auto-exploring this place.
 F = Levels seen in this place.
 G = Mean time per level.
                   A        B        C        D        E       F      G
               +--------+--------+--------+--------+--------+-----+--------+
         Total |   4579 |   4332 |    247 |    594 |   2788 |   6 |  763.2 |
       Dungeon |   4528 |   4287 |    241 |    594 |   2759 |   5 |  905.6 |
        Temple |     51 |     45 |      6 |      0 |     29 |   1 |   51.0 |
               +--------+--------+--------+--------+--------+-----+--------+

Top non-repeatable levels by time:
     D:4: 1422 daAuts
     D:2: 1020 daAuts
     D:1: 843 daAuts
     D:3: 662 daAuts
     D:5: 579 daAuts
  Temple: 51 daAuts
